 Dungeon Crawl Stone Soup version 0.23.2-33-g5129a83184 (webtiles) character file.

Game seed: 8176223523934810664

396 Folque the Conjurer (level 6, -5/47 HPs)
             Began as a Demigod Conjurer on July 11, 2019.
             Slain by an ice beast (8 damage)
             ... on level 4 of the Dungeon.
             The game lasted 00:08:13 (4013 turns).

Folque the Conjurer (Demigod Conjurer)              Turns: 4013, Time: 00:08:13

Health: -5/47      AC:  3    Str: 11    XL:     6   Next: 27%
Magic:  1/13       EV: 12    Int: 23    God:
Gold:   215        SH:  0    Dex: 16    Spells: 1/11 levels left

rFire    . . .     SeeInvis .   i - +2 dagger (venom)
rCold    . . .     Gourm    .   (no shield)
rNeg     . . .     Faith    .   a - +0 robe
rPois    .         Spirit   .   (no helmet)
rElec    .         Reflect  .   (no cloak)
rCorr    .         Harm     .   r - +0 pair of gloves
MR       .....                  (no boots)
Stlth    ++........             (no amulet)
HPRegen  0.15/turn              (no ring)
MPRegen  0.13/turn              (no ring)

@: very slightly contaminated
A: high mp 1
a: no special abilities


You were on level 4 of the Dungeon.
You were hungry.

You visited 1 branch of the dungeon, and saw 5 of its levels.

You collected 215 gold pieces.

Inventory:

Hand Weapons
 h - a +2 hand axe of electrocution
 i - a +2 dagger of venom (weapon)
Armour
 a - a +0 robe (worn)
 k - a +0 ring mail
 r - a +0 pair of gloves (worn)
Jewellery
 e - an uncursed ring of protection from fire {unknown}
Scrolls
 d - 5 scrolls of remove curse {unknown}
 f - 8 scrolls of identify {unknown}
 l - a scroll of teleportation {unknown}
 p - 2 scrolls of enchant armour {unknown}
 t - a scroll of magic mapping {unknown}
 v - a scroll of amnesia {unknown}
 w - a scroll of blinking {unknown}
Potions
 b - 3 potions of might {unknown}
 g - a potion of degeneration {unknown}
 j - a potion of mutation {unknown}
 m - 3 potions of haste {unknown}
 n - a potion of heal wounds {unknown}
 o - a potion of magic {unknown}
 s - a potion of curing {unknown}
 u - a potion of agility {unknown}
Comestibles
 c - 11 rations
 q - 4 chunks of flesh


   Skills:
 - Level 1.0 Fighting
 - Level 1.7 Dodging
 - Level 1.7 Stealth
 - Level 3.0 Spellcasting
 + Level 5.9 Conjurations
 * Level 2.4 Hexes


You had one spell level left.
You knew the following spells:

 Your Spells              Type           Power        Failure   Level  Hunger
a - Magic Dart            Conj           ####         1%          1    None
b - Searing Ray           Conj           ####..       1%          2    ##.....
c - Dazzling Spray        Conj/Hex       ###...       6%          3    ###....
d - Fulminant Prism       Conj/Hex       ###.......   21%         4    ####...

Your spell library contained the following spells:

 Spells                   Type           Power        Failure   Level  Hunger
 Iskenderun's Mystic Bla  Conj           ####....     10%         4    ####...
 Force Lance              Conj/Tloc      ###.....     34%         4    ####...


Dungeon Overview and Level Annotations

Branches:
Dungeon (5/15)             Temple (0/1) D:4

Shops:
D:4 *

Annotations:
D:3 1 runed translucent door, Crazy Yiuf


Innate Abilities, Weirdness & Mutations

You have an increased reservoir of magic. (+10% MP)


Message History

Casting: Fulminant Prism (slightly dangerous; 21% risk of failure)
Confirm with . or Enter, or press ? or * to list all spells.
Aiming: Magic Dart (safe; 1% risk of failure)
Press: ? - help, Shift-Dir - straight line The magic dart hits the ice beast.
The ice beast is severely wounded.
The ice beast barely misses you.
You hit the ice beast.
The ice beast is severely wounded.
The ice beast hits you. The ice beast freezes you!
* * * LOW HITPOINT WARNING * * *
You barely miss the ice beast.
The ice beast is severely wounded.
The ice beast hits you but does no damage.
You closely miss the ice beast.
The ice beast is almost dead.
The ice beast hits you.
* * * LOW HITPOINT WARNING * * *
The ice beast freezes you!
You die...

#..........##))#.........#
##############.#.##.##.###
#...##.##.##########
##..##.##...........
#######..##.##.##########
#........##.###.....<..#
#...........# #........##
#......#Y#### #........#.
#########......#@#
###........#.
.......#######.###
#..........#. .......# #.#
#..........#. .......# #.#
#.........)') .......# #)#
###........#. .......# #.#
#........#. .......#
###.##### #........#.
.......# #.......#
#........#. .......#
#######.# #........#.


You could see an ice beast.

Vanquished Creatures
  An ogre (D:4)
  A scorpion (D:4)
  An orc priest (D:4)
  An orc wizard (D:4)
  Natasha (twice) (D:3)
  A worker ant (D:4)
  4 adders
  3 oozes (D:1)
  3 worms
  3 dart slugs
  A leopard gecko (D:4)
  12 orcs
  A ball python (D:1)
  4 bats
  7 goblins
  3 hobgoblins
  7 jackals (D:4)
  A quokka (D:4)
  6 frilled lizards
  6 kobolds
  7 rats
75 creatures vanquished.

Vanquished Creatures (others)
  A fulminant prism (D:4)
1 creature vanquished.

Grand Total: 76 creatures vanquished

Notes
Turn   | Place    | Note
-------+----------+-------------------------------------------
     0 | D:1      | Folque the Demigod Conjurer began the quest for the Orb.
     0 | D:1      | Reached XP level 1. HP: 14/14 MP: 5/5
    63 | D:1      | Reached XP level 2. HP: 6/22 MP: 0/7
   411 | D:1      | Reached skill level 4 in Conjurations
   682 | D:1      | Reached skill level 1 in Fighting
  1096 | D:1      | Reached XP level 3. HP: 25/28 MP: 9/9
  1100 | D:1      | Learned a level 2 spell: Searing Ray
  1104 | D:1      | Learned a level 3 spell: Dazzling Spray
  1418 | D:2      | Found an ancient bone altar of Kikubaaqudgha.
  2300 | D:3      | Found an ornate altar of the Wu Jian Council.
  2343 | D:3      | Noticed Natasha
  2349 | D:3      | Killed Natasha
  2503 | D:3      | Reached XP level 4. HP: 35/35 MP: 5/11
  2859 | D:3      | Found a runed translucent door.
  2860 | D:3      | Noticed Crazy Yiuf
  2891 | D:3      | Noticed Natasha
  2892 | D:3      | Found a stormy altar of Qazlal.
  2898 | D:3      | Killed Natasha
  3112 | D:4      | Noticed an ogre
  3123 | D:4      | Killed an ogre
  3123 | D:4      | Reached skill level 5 in Conjurations
  3123 | D:4      | Reached skill level 1 in Hexes
  3123 | D:4      | Reached XP level 5. HP: 40/40 MP: 7/12
  3133 | D:4      | Learned a level 4 spell: Fulminant Prism
  3232 | D:4      | Found a staircase to the Ecumenical Temple.
  3272 | D:4      | Found Riwuur's Assorted Antiques.
  3544 | D:4      | Reached XP level 6. HP: 31/47 MP: 2/13
  3998 | D:5      | Entered Level 5 of the Dungeon
  4013 | D:4      | Slain by an ice beast

Skill      XL: |  1  2  3  4  5 |
---------------+----------------+-----
Spellcasting   | 2 3 |  3.0
Conjurations   | 4 5 |  5.9
Fighting       | 1 |  1.0
Hexes          | 1 2 |  2.4
Dodging        | |  1.7
Stealth        | |  1.7

Action                   |  1- 3 |  4- 6 || total
-------------------------+-------+-------++-------
Melee: Unarmed           |    10 |       ||    10
       Dagger            |    43 |    55 ||    98
       Hand axe          |    10 |       ||    10
 Cast: Magic Dart        |    21 |     2 ||    23
       Searing Ray       |     3 |    11 ||    14
       Dazzling Spray    |       |     6 ||     6
       Fulminant Prism   |       |     1 ||     1
 Stab: Sleeping          |     4 |     1 ||     5
       Invisible         |       |     3 ||     3
  Eat: Chunk             |     5 |     6 ||    11
Armor: Robe              |     6 |    20 ||    26
Dodge: Dodged            |    31 |    33 ||    64
